 Dungeon Crawl Stone Soup version 0.19-a0-45-g2c295ea (webtiles) character file.

114 nubinia the Grasshopper (level 4, -3/30 HPs)
             Began as a High Elf Warper on May 5, 2016.
             Slain by an iguana (8 damage)
             ... on level 4 of the Dungeon.
             The game lasted 00:11:19 (2726 turns).

nubinia the Grasshopper (High Elf Warper)           Turns: 2726, Time: 00:11:19

Health: -3/30      AC:  3    Str: 10    XL:     4   Next: 67%
Magic:  8/8        EV: 13    Int: 17    God:
Gold:   104        SH:  0    Dex: 17    Spells: 3 memorised, 3 levels left

rFire  . . .     SeeInvis .     l - +3 dagger (venom)
rCold  . . .     Gourm    .     b - +0 leather armour
rNeg   . . .     Faith    .     (no shield)
rPois  .         Spirit   .     (no helmet)
rElec  .         Dismiss  .     (no cloak)
rCorr  +         Reflect  .     (no gloves)
SustAt .         Harm     .     (no boots)
MR     .....                    (no amulet)
Stlth  ++........               (no ring)
                                s - ring of resist corrosion

@: not resistant to hostile enchantments, unstealthy
A: agile 1
a: no special abilities


You were on level 4 of the Dungeon.
You were very hungry.

You visited 1 branch of the dungeon, and saw 5 of its levels.

You collected 104 gold pieces.

Inventory:

Hand Weapons
 a - a +0 falchion
 l - a +3 dagger of venom (weapon)
Missiles
 e - 5 tomahawks of dispersal (quivered)
Armour
 b - a +0 leather armour (worn)
 k - a +0 pair of boots
Jewellery
 s - a ring of resist corrosion (left hand)
Scrolls
 d - 2 scrolls of blinking
Potions
 j - a potion of flight {unknown}
 m - a potion of curing {unknown}
 o - 2 potions of haste {unknown}
 p - a potion of agility
 r - a potion of heal wounds {unknown}
Books
 c - a book of Spatial Translocations

   Spells                             Type                      Level
   a - Apportation                    Translocation                1
   b - Blink                          Translocation                2
   c - Shroud of Golubria             Charms/Translocation         2
   d - Portal Projectile              Translocation                3
   e - Teleport Other                 Translocation                3
   f - Passage of Golubria            Translocation                4
Comestibles
 f - a bread ration
 g - a meat ration
 h - 2 chunks of flesh
 i - a royal jelly


   Skills:
 + Level 2.7 Fighting
 + Level 1.2(2.3) Short Blades
 + Level 3.2(3.3) Long Blades
 + Level 1.0 Throwing
 + Level 1.8 Armour
 + Level 3.0 Dodging
 + Level 1.0 Stealth
 + Level 2.6 Spellcasting
 + Level 0.2 Charms
 + Level 3.5 Translocations


You had 3 spell levels left.
You knew the following spells:

 Your Spells              Type           Power        Failure   Level  Hunger
a - Apportation           Tloc           ##........   8%          1    #......
b - Blink                 Tloc           N/A          10%         2    ##.....
g - Shroud of Golubria    Chrm/Tloc      #.........   17%         2    ##.....


Dungeon Overview and Level Annotations

Branches:
Dungeon (5/15)
 Temple: D:4-7

Altars:
Pakellas
Xom

Shops:
D:2 }

Portals:
Ossuary: D:4


Innate Abilities, Weirdness & Mutations

You are agile. (Dex +2)


Message History

You hit the giant gecko.
The giant gecko is poisoned.
The giant gecko is severely wounded.
The giant gecko closely misses you.
You kill the giant gecko!
Your Stealth skill increases to level 1!
You open the door.
A mummy comes into view.
You found an arrow trap!
Found a sand-covered staircase.
You hit the iguana.
The iguana is poisoned.
The iguana is lightly wounded.
The iguana closely misses you.
You hear the slow hiss of an avalanche of sand.
You closely miss the iguana.
The iguana is severely wounded.
The iguana looks more healthy.
You hit the iguana but do no damage.
The iguana is poisoned.
The iguana is severely wounded.
The iguana bites you!
You die...

.# #### .. #. .>. .. #.
#.# ######.#
#.###.###.......
#......!.##.#.##
#...............
########.....#.....#.#.
#.....@......##.####.##
#....l#.....#####......
######....###W...#
#######
.........##∩##...# #
#####..##...##..## #
##..## ^...##..# #
#..#####'#####.# #
#...l..M.......# #
#...############ ####


You could see a phantom and an iguana.

Vanquished Creatures
  An iguana (D:4)
  2 adders (D:2)
  2 oozes
  A worm (D:2)
  A dart slug (D:1)
  5 giant geckos
  An orc (D:4)
  5 giant cockroaches
  7 goblins
  3 hobgoblins
  A quokka (D:4)
  5 bats
  2 giant newts (D:2)
  8 kobolds
  8 rats
52 creatures vanquished.

Notes
Turn   | Place    | Note
--------------------------------------------------------------
     0 | D:1      | nubinia the High Elf Warper began the quest for the Orb.
     0 | D:1      | Reached XP level 1. HP: 14/14 MP: 4/4
   319 | D:1      | Reached XP level 2. HP: 13/19 MP: 6/6
   323 | D:1      | Learned a level 2 spell: Blink
   326 | D:1      | Learned a level 2 spell: Shroud of Golubria
   832 | D:1      | Reached skill level 1 in Armour
  1379 | D:1      | Reached XP level 3. HP: 24/24 MP: 7/7
  1689 | D:2      | Gained mutation: You are agile. (Dex +2) [potion of beneficial mutation]
  2342 | D:2      | Found an oddly glowing altar of Pakellas.
  2342 | D:2      | Found Pakellas's Prime Provisions.
  2386 | D:2      | Reached XP level 4. HP: 24/30 MP: 5/8
  2548 | D:4      | Reached skill level 1 in Short Blades
  2554 | D:4      | Found a shimmering altar of Xom.
  2555 | D:4      | Noticed an ogre
  2638 | D:4      | HP: 1/30 [orc (2)]
  2647 | D:5      | Entered Level 5 of the Dungeon
  2651 | D:4      | Noticed a phantom
  2702 | D:4      | Reached skill level 1 in Stealth
  2711 | D:4      | Found a sand-covered staircase.
  2726 | D:4      | Slain by an iguana

Vault maps used:
D:1:      eino_arrival_water_star
D:2:      johnstein_pakellas_shop
D:3:      grunt_temple_overflow_forces_of_nature, lemuel_doored_altar,
          first_bread, minmay_goblin_outpost, uniq_robin, uniq_jessica
D:4:      old_standard_altar, gup_ossuary_entry_pyramid
D:5:      old_forge, elyvilon_altar_4, minmay_temple_entry_grid, basic_altar

Skill      XL: |  1  2  3  4 |
---------------+-------------+-----
Armour         | 1 |  1.8
Long Blades    | 3 |  3.2
Short Blades   | 1 |  1.2
Dodging        | 3 |  3.0
Stealth        | 1 |  1.0
Fighting       | |  2.7
Throwing       | |  1.0
Spellcasting   | |  2.6
Charms         | |  0.2
Translocations | |  3.5

Action                   |  1- 3 |  4- 6 || total
-------------------------+-------+-------++-------
Melee: Falchion          |    92 |       ||    92
       Dagger            |    47 |    26 ||    73
 Cast: Blink             |     1 |     2 ||     3
       Shroud of Golubri |     2 |     1 ||     3
  Use: Scroll            |     2 |     6 ||     8
       Potion            |     1 |       ||     1
 Stab: Sleeping          |     2 |       ||     2
  Eat: Chunk             |     5 |       ||     5
Armor: Leather armour    |    30 |     5 ||    35
Dodge: Dodged            |    75 |    21 ||    96
